 Dungeon Crawl Stone Soup version 0.30-a0-587-gfd7c166f36 (webtiles) character file.

Game seed: 11515381057800247532

33 Bnni the Vexing (level 3, -3/26 HPs)
             Began as a Formicid Hexslinger on Jan 4, 2023.
             Was a Follower of Okawaru.
             Slain by a phantom (7 damage)
             ... on level 4 of the Dungeon.
             The game lasted 00:01:02 (1484 turns).

Bnni the Vexing (Formicid Hexslinger)               Turns: 1484, Time: 00:01:02

Health: -3/26      AC:  3    Str: 14    XL:     3   Next: 47%
Magic:  3/5        EV: 12    Int: 14    God:    Okawaru [*.....]
Gold:   55         SH:  0    Dex: 14    Spells: 1/5 levels left

rFire   . . .      SeeInvis +    a - +1 sling
rCold   . . .      Faith    .    (no shield)
rNeg    . . .      Spirit   .    c - +0 robe
rPois   .          Reflect  .    (helmet unavailable)
rElec   .          Harm     .    (no cloak)
rCorr   .          Rampage  .    (no gloves)
Will    .....                    l - +0 pair of boots
Stlth   +                        (no amulet)
HPRegen 0.24/turn                (no ring)
MPRegen 0.09/turn                (no ring)

@: no status effects
A: permanent stasis, dig shafts and tunnels, antennae 3, four strong arms
a: Dig, Shaft Self, Renounce Religion, Heroism


You were on level 4 of the Dungeon.
You worshipped Okawaru.
Okawaru was aware of your devotion.
You visited 1 branch of the dungeon, and saw 3 of its levels.

You collected 55 gold pieces.

Inventory:

Hand Weapons
 a - a +1 sling (weapon)
Armour
 c - a +0 robe (worn)
 l - a +0 pair of boots (worn)
Scrolls
 b - a scroll of poison
 d - a scroll of fog {unknown}
 g - 2 scrolls of amnesia {unknown}
 i - 2 scrolls of identify {unknown}
 m - a scroll of noise {unknown}
 n - a scroll of teleportation {unknown}
 o - a scroll of vulnerability {unknown}
 p - a scroll of blinking {unknown}
 q - a scroll of brand weapon {unknown}
Potions
 e - a potion of attraction {unknown}
 f - a potion of cancellation {unknown}
 h - a potion of heal wounds {unknown}
 j - a potion of curing {unknown}
 k - a potion of haste {unknown}


   Skills:
 + Level 1.4 Fighting
 * Level 2.4 Ranged Weapons
 - Level 1.7 Dodging
 + Level 1.5 Spellcasting
 * Level 4.0 Hexes
 * Level 1.1 Fire Magic


You had one spell level left.
You knew the following spells:

 Your Spells              Type           Power      Damage    Failure   Level
a - Slow                  Hex            48%        N/A       4%          1
b - Inner Flame           Hex/Fire       8%         N/A       26%         3

Your spell library contained the following spells:

 Spells                   Type           Power      Damage    Failure   Level
 Portal Projectile        Hex/Tloc       12%        N/A       32%         3
 Cause Fear               Hex            6%         N/A       43%         4


Dungeon Overview and Level Annotations

Branches:
Dungeon (2/15)

Altars:
Okawaru

Shops:
D:2 [


Innate Abilities, Weirdness & Mutations

You cannot be hasted, slowed, berserked, paralysed or teleported.
You can dig through walls and to a lower floor.
You have a pair of large antennae on your head. (SInv)
Your four strong arms can wield two-handed weapons with a shield.


Message History

You are too injured to fight recklessly!
Fire: a) +1 sling
Press: ? - help, Shift-Dir - straight line, f/p - phantom
Aim: a phantom (lightly damaged, slow, 46% to hit)
You shoot a sling bullet. The sling bullet misses the phantom.
The phantom hits you.
* * * LOW HITPOINT WARNING * * *
Fire: a) +1 sling
Press: ? - help, Shift-Dir - straight line, f/p - phantom
Aim: a phantom (lightly damaged, slow, 46% to hit)
You shoot a sling bullet. The sling bullet hits the phantom.
The phantom is heavily damaged.
The phantom hits you but does no damage.
Fire: a) +1 sling
Press: ? - help, Shift-Dir - straight line, f/p - phantom
Aim: a phantom (heavily damaged, slow, 46% to hit)
You shoot a sling bullet.
The sling bullet barely misses the phantom.
Fire: a) +1 sling
Press: ? - help, Shift-Dir - straight line, f/p - phantom
Aim: a phantom (heavily damaged, slow, 46% to hit)
You shoot a sling bullet.
The sling bullet closely misses the phantom.
The phantom is no longer moving slowly.
The phantom hits you.
* * * LOW HITPOINT WARNING * * *
Fire: a) +1 sling
Press: ? - help, Shift-Dir - straight line, f/p - phantom
Aim: a phantom (heavily damaged, 46% to hit)
You shoot a sling bullet. The sling bullet hits the phantom.
The phantom is severely damaged.
The phantom closely misses you.
Fire: a) +1 sling
Press: ? - help, Shift-Dir - straight line, f/p - phantom
Aim: a phantom (severely damaged, 46% to hit)
You shoot a sling bullet.
The sling bullet hits the phantom but does no damage.
The phantom is severely damaged.
The phantom hits you but does no damage.
The phantom hits you!
You die...

{
##########
#.@W.†....
#.#.#.##.#
#.#.#
#.#.#
#.#.# {
#.#.#
.....
#####


You could see a phantom.

Vanquished Creatures
  5 endoplasms
  3 goblins
  5 hobgoblins (D:2)
  2 kobolds
  2 quokkas (D:2)
  5 ball pythons
  2 bats (D:2)
  A frilled lizard (D:1)
  4 rats
29 creatures vanquished.

Notes
Turn   | Place    | Note
-------+----------+-------------------------------------------
     0 | D:1      | Bnni the Formicid Hexslinger began the quest for the Orb.
     0 | D:1      | Reached XP level 1. HP: 15/15 MP: 2/2
   274 | D:1      | Reached XP level 2. HP: 21/21 MP: 3/3
   799 | D:2      | Found a faded altar of an unknown god.
   808 | D:2      | Prayed at the altar of an unknown god.
   808 | D:2      | Became a worshipper of Warmaster Okawaru
   808 | D:2      | Reached * piety under Okawaru
   882 | D:2      | Reached skill level 4 in Hexes
   929 | D:2      | Found Rutevot's Antique Armour Shoppe.
   950 | D:2      | Reached skill level 1 in Fire Magic
   959 | D:2      | Reached XP level 3. HP: 24/26 MP: 5/5
   963 | D:2      | Learned a level 3 spell: Inner Flame
  1462 | D:2      | You fall into a shaft and drop 2 floors!
  1467 | D:4      | Noticed a phantom
  1484 | D:4      | Slain by a phantom

Illustrated notes

Levels and vault maps discovered:
D:1:      heliophobic_arrival_glass_houses, layout_basic
D:2:      layout_basic, serial_shops, shop, ebering_ecumenical_altar_box
D:4:      kb_forest_paths, layout_loops_ring, lightli_temple_of_fire

Skill      XL: |  1  2 |
---------------+-------+-----
Hexes          | 4 |  4.0
Fire Magic     | 1 |  1.1
Fighting       | |  1.4
Ranged Weapons | |  2.4
Dodging        | |  1.7
Spellcasting   | |  1.5

Action                   || total
-------------------------++-------
 Fire: Sling             ||    90
 Cast: Slow              ||     3
Armor: Robe              ||     8
Dodge: Dodged            ||    16

Table legend: (Time is in decaauts)
 A = Elapsed time spent in this place.
 B = Non-inter-level travel time spent in this place.
 C = Inter-level travel time spent in this place.
 D = Time resting spent in this place.
 E = Time spent auto-exploring this place.
 F = Levels seen in this place.
 G = Mean time per level.
                   A        B        C        D        E       F      G
               +--------+--------+--------+--------+--------+-----+--------+
         Total |   1509 |   1476 |     33 |      0 |   1270 |   3 |  503.0 |
       Dungeon |   1509 |   1476 |     33 |      0 |   1270 |   3 |  503.0 |
               +--------+--------+--------+--------+--------+-----+--------+

Top non-repeatable levels by time:
     D:1: 760 daAuts
     D:2: 722 daAuts
     D:4: 26 daAuts
